 Dungeon Crawl Stone Soup version 0.29.0-4-gdea44cf6ec (webtiles) character file.

Game seed: 1085995519747794924

27508 qw the Severer (level 13, -2/106 HPs)
             Began as a Formicid Cinder Acolyte on Sept 4, 2022.
             Was an Initiate of Ignis.
             Asphyxiated
             ... on level 3 of the Lair of Beasts.
             The game lasted 00:05:49 (17065 turns).

qw the Severer (Formicid Cinder Acolyte)           Turns: 17065, Time: 00:05:49

Health: -2/106     AC: 25    Str: 25    XL:     13   Next: 66%
Magic:  14/14      EV: 11    Int: 13    God:    Ignis [......]
Gold:   1017       SH:  5    Dex:  9    Spells: 14/14 levels left

rFire   + . .      SeeInvis +   Y - +0 battleaxe
rCold   . . .      Faith    .   e - +0 buckler
rNeg    . . .      Spirit   .   n - +0 plate armour
rPois   .          Reflect  .   (helmet unavailable)
rElec   .          Harm     .   d - +2 cloak
rCorr   .          Rampage  .   o - +1 pair of gloves
Will    +....                   r - +0 pair of boots
Stlth   ..........              (no amulet)
HPRegen 0.27/turn               g - +4 ring of evasion
MPRegen 0.14/turn               a - +4 ring of protection

@: lethally poisoned (-2 -> -20)
A: permanent stasis, dig shafts and tunnels, antennae 3, four strong arms
a: Dig, Shaft Self, Renounce Religion, Rising Flame


You were on level 3 of the Lair of Beasts.
You worshipped Ignis.
Ignis was noncommittal.
You visited 2 branches of the dungeon, and saw 14 of its levels.

You collected 1017 gold pieces.


Innate Abilities, Weirdness & Mutations

You cannot be hasted, slowed, berserked, paralysed or teleported.
You can dig through walls and to a lower floor.
You have a pair of large antennae on your head. (SInv)
Your four strong arms can wield two-handed weapons with a shield.


   Skills:
 - Level 11.1 Fighting
 + Level 15.9 Axes
 - Level 5.0 Throwing
 - Level 10.0 Armour
 - Level 2.3 Dodging
 - Level 8.0 Shields
 - Level 1.1 Spellcasting
 - Level 3.0 Fire Magic


You had 14 spell levels left.
You didn't know any spells.
Your spell library contained the following spells:

 Spells                   Type           Power      Damage    Failure   Level
 Scorch                   Fire           16%        2d5       83%         2

Inventory:

Hand Weapons
 p - a +1 hand axe of flaming
 Y - a +0 battleaxe (weapon)
Missiles
 h - a javelin (quivered)
Armour
 d - a +2 cloak (worn)
 e - a +0 buckler (worn)
 j - the +8 orange crystal plate armour {Archmagi, Int+3 Clar}
   (You found it on level 3 of the Lair of Beasts)

   Int:       It affects your intelligence (+3).
   Clar:      It protects you against confusion.
 n - a +0 plate armour (worn)
 o - a +1 pair of gloves (worn)
 r - a +0 pair of boots (worn)
Jewellery
 a - a +4 ring of protection (right hand)
 g - a +4 ring of evasion (left hand)
 m - a ring of fire
Wands
 f - a wand of digging (5)
Scrolls
 k - 2 scrolls of identify
Potions
 b - 3 potions of might
 c - 7 potions of curing
 i - a potion of resistance
 l - a potion of magic {unknown}
 q - a potion of mutation {unknown}

Dungeon Overview and Level Annotations

Branches:
Dungeon (11/15)            Temple (0/1) D:5            Lair (3/5) D:9
  Swamp (0/4) Lair:3       Spider (0/4) Lair:3
    Orc: D:9-12

Altars:
Dithmenos
Fedhas
Gozag
Makhleb
Okawaru
Qazlal
Ru
Uskayaw
Vehumet
Wu Jian
Yredelemnul
The Shining One

Shops:
D:10 [

Portals:
Trove: D:11 (show slimy rune of Zot)

Annotations:
D:6 4 runed translucent doors
D:7 1 runed translucent door, Crazy Yiuf
Lair:3 2 transporters, Sonja; qw's ghost, journeyman TrCA


Message History

You have difficulty breathing.
Your stasis prevents you from being slowed.
The yak gores you!
You hit the komodo dragon but do no damage.
The komodo dragon is heavily wounded.
You slash the yak!
You feel very sick.
The komodo dragon bites you but does no damage.
You block the yak's attack.
You hit the yak.
The yak is almost dead.
You slash the komodo dragon!
You feel very sick.
Sonja throws a curare-tipped dart.
The curare-tipped dart hits you.
You are more poisoned.
You have difficulty breathing.
Your stasis prevents you from being slowed.
The komodo dragon bites you but does no damage.
The yak closely misses you.
Sonja throws a curare-tipped dart.
The curare-tipped dart misses you.
You barely miss the yak.
The yak is almost dead.
You closely miss the komodo dragon.
You feel very sick. The komodo dragon bites you!
The yak gores you but does no damage.
You slash the yak!
You kill the yak!
You slash the komodo dragon!
You feel very sick. The komodo dragon barely misses you.
You hit the komodo dragon but do no damage.
The komodo dragon is severely wounded.
You slash Sonja!
You feel very sick.
Sonja mumbles some strange words.
Sonja blinks!
The komodo dragon closely misses you.
Sonja throws a curare-tipped dart.
The curare-tipped dart hits you.
You are more poisoned.
You have difficulty breathing.
You die...

#..>........
#........... ....#
....P.....## #...# .
#.##.P##### #..$##. ..
...#### #..... ... .^.#
.K.. .... ...#
#..##..... P..#
#..l...... #..#
##.@##..... #..### ####
#...ยค......
...#.###..####.........#
#.##...................#
...#...................#
...........).......<..##
........................
##........#......#......
###.....##.......#.....


You could see a komodo dragon and Sonja.

Vanquished Creatures
  Harold (D:9)
  3 hydras (Lair:3)
  A boulder beetle (D:11)
  A two-headed ogre (D:10)
  A centaur warrior (D:8)
  Nergalle (D:10)
  Pikel (D:4)
  A lindwurm (Lair:3)
  Maurice (D:10)
  2 black mambas
  Joseph (D:10)
  A gargoyle (D:8)
  3 cane toads
  A rime drake (Lair:3)
  4 komodo dragons
  A troll (D:8)
  2 polar bears
  2 tyrant leeches (Lair:3)
  4 blink frogs (Lair:1)
  2 culicivoras (Lair:3)
  A shadow (D:6)
  2 wraiths
  5 wyverns
  41 yaks
  5 basilisks
  A vampire mosquito (D:6)
  A swamp worm (Lair:3)
  2 acid dragons
  14 water moccasins
  4 orc warriors
  5 black bears
  A swamp drake (D:9)
  2 ice beasts (D:6)
  An ogre (D:6)
  19 wolves
  3 centaurs
  A phantom (D:7)
  A kobold brigand (D:9)
  11 bullfrogs
  2 necrophages (D:6)
  7 scorpions
  A gnoll sergeant (D:8)
  6 wights
  17 killer bees
  2 howler monkeys (D:8)
  3 jellies
  3 orc priests
  6 hounds
  An iguana (D:7)
  Natasha (thrice) (D:3 D:2)
  7 orc wizards
  10 gnolls
  6 adders
  A shadow imp (D:5)
  A white imp (D:5)
  An ufetubus (D:5)
  2 worms (D:3)
  3 dart slugs
  29 orcs
  6 bats
  7 endoplasms
  2 giant cockroaches (D:2)
  5 goblins
  3 hobgoblins
  8 jackals
  2 quokkas (D:1)
  7 ball pythons
  3 frilled lizards
  12 kobolds
  7 rats
327 creatures vanquished.

Vanquished Creatures (others)
  14 fungi
  8 plants
22 creatures vanquished.

Grand Total: 349 creatures vanquished

Notes
Turn   | Place    | Note
-------+----------+-------------------------------------------
     0 | D:1      | qw the Formicid Cinder Acolyte began the quest for the Orb.
     0 | D:1      | Reached XP level 1. HP: 18/18 MP: 2/2
     0 | D:1      | 0 ||| qw: Version: 0.1-a-103-gd6f5d3a
     0 | D:1      | 0 ||| qw: Game counter: 5434
     0 | D:1      | 0 ||| qw: Always use a shield: true
     0 | D:1      | 0 ||| qw: God list: Okawaru
     0 | D:1      | 0 ||| qw: Allow faded altars: false
     0 | D:1      | 0 ||| qw: Do Orc after D:15 true
     0 | D:1      | 0 ||| qw: Do second Lair branch before Depths: true
     0 | D:1      | 0 ||| qw: Lair rune preference: random
     0 | D:1      | 0 ||| qw: Plans: Normal
     0 | D:1      | 0 ||| PLANNING D:1-11
    45 | D:1      | Found a faded altar of an unknown god.
    62 | D:1      | Reached XP level 2. HP: 24/24 MP: 3/3
   116 | D:1      | 116 ||| Stepping ~*~*~tactically~*~*~ (stealth).
   118 | D:1      | 118 ||| INVOKING Fiery Armour.
   288 | D:1      | 288 ||| Stepping ~*~*~tactically~*~*~ (stealth).
   291 | D:1      | 291 ||| Stepping ~*~*~tactically~*~*~ (stealth).
   292 | D:1      | 292 ||| Stepping ~*~*~tactically~*~*~ (stealth).
   294 | D:1      | 294 ||| Stepping ~*~*~tactically~*~*~ (stealth).
   296 | D:1      | 296 ||| Stepping ~*~*~tactically~*~*~ (stealth).
   302 | D:1      | Reached skill level 4 in Axes
   302 | D:1      | Reached XP level 3. HP: 29/29 MP: 4/4
   420 | D:1      | 420 ||| Stepping ~*~*~tactically~*~*~ (stealth).
   421 | D:1      | 421 ||| Stepping ~*~*~tactically~*~*~ (stealth).
   738 | D:1      | Reached skill level 1 in Dodging
  1010 | D:1      | 1010 ||| UPGRADING to +0 ring mail.
  1020 | D:1      | 1020 ||| DROPPING +0 robe.
  1021 | D:1      | 1021 ||| UPGRADING to +4 ring of evasion.
  1022 | D:1      | 1022 ||| UPGRADING to +6 ring of strength.
  1023 | D:1      | 1023 ||| READING scroll labelled MOOSURGH CU OSI.
  1024 | D:1      | 1024 ||| READING scroll labelled XUUSEI OVIRGH.
  1025 | D:1      | 1025 ||| READING scroll labelled MISUET DOSAEVI.
  1026 | D:1      | 1026 ||| READING scroll labelled JUSAUNLAIW.
  1027 | D:1      | 1027 ||| DRINKING 3 fizzy clear potions.
  1028 | D:1      | 1028 ||| DRINKING 2 fizzy cyan potions.
  1098 | D:2      | 1098 ||| INVOKING Fiery Armour.
  1099 | D:2      | 1099 ||| Stepping ~*~*~tactically~*~*~ (stealth).
  1103 | D:2      | 1103 ||| Stepping ~*~*~tactically~*~*~ (stealth).
  1104 | D:2      | Reached skill level 1 in Armour
  1104 | D:2      | Reached XP level 4. HP: 34/35 MP: 5/5
  1106 | D:2      | 1106 ||| Stepping ~*~*~tactically~*~*~ (stealth).
  1108 | D:2      | 1108 ||| Stepping ~*~*~tactically~*~*~ (stealth).
  1109 | D:2      | Reached skill level 1 in Throwing
  1117 | D:2      | 1117 ||| Stepping ~*~*~tactically~*~*~ (stealth).
  1172 | D:2      | Reached XP level 5. HP: 41/41 MP: 6/6
  1752 | D:2      | 1752 ||| READING scroll labelled JEITUIXIZO.
  1892 | D:2      | 1892 ||| READING scroll labelled FEXEPN KOJOU.
  1993 | D:2      | 1993 ||| READING scroll labelled WOELOM AXUSHINOLU.
  2061 | D:3      | Reached skill level 5 in Axes
  2061 | D:3      | 2061 ||| Stepping ~*~*~tactically~*~*~ (hiding).
  2082 | D:3      | 2082 ||| Stepping ~*~*~tactically~*~*~ (hiding).
  2088 | D:3      | 2088 ||| INVOKING Fiery Armour.
  2089 | D:3      | Noticed Natasha
  2097 | D:3      | Killed Natasha
  2098 | D:3      | Reached XP level 6. HP: 33/47 MP: 7/7
  2141 | D:3      | Noticed Natasha
  2142 | D:3      | 2142 ||| FLEEEEING.
  2143 | D:3      | 2143 ||| FLEEEEING.
  2144 | D:3      | 2144 ||| FLEEEEING.
  2145 | D:3      | 2145 ||| FLEEEEING.
  2151 | D:3      | 2151 ||| FLEEEEING.
  2155 | D:3      | 2155 ||| FLEEEEING.
  2156 | D:3      | 2156 ||| FLEEEEING.
  2157 | D:3      | 2157 ||| FLEEEEING.
  2158 | D:3      | 2158 ||| FLEEEEING.
  2159 | D:3      | 2159 ||| FLEEEEING.
  2160 | D:3      | 2160 ||| FLEEEEING.
  2161 | D:3      | 2161 ||| FLEEEEING.
  2162 | D:3      | 2162 ||| FLEEEEING.
  2163 | D:3      | 2163 ||| STAIRDANCE
  2193 | D:3      | 2193 ||| Stepping ~*~*~tactically~*~*~ (hiding).
  2200 | D:3      | 2200 ||| STAIRDANCE
  2205 | D:2      | Killed Natasha
  2206 | D:2      | Reached skill level 6 in Axes
  2223 | D:2      | Noticed Natasha
  2224 | D:2      | 2224 ||| FLEEEEING.
  2227 | D:2      | 2227 ||| Stepping ~*~*~tactically~*~*~ (hiding).
  2228 | D:2      | 2228 ||| Stepping ~*~*~tactically~*~*~ (hiding).
  2235 | D:2      | 2235 ||| INVOKING Fiery Armour.
  2239 | D:2      | Killed Natasha
  2471 | D:3      | Found a shadowy altar of Dithmenos.
  2786 | D:3      | 2786 ||| Stepping ~*~*~tactically~*~*~ (stealth).
  3261 | D:3      | 3261 ||| UPGRADING to +0 buckler.
  3266 | D:3      | 3266 ||| READING 2 scrolls labelled DAESTR UVIX.
  3267 | D:3      | 3267 ||| DROPPING scroll of magic mapping.
  3613 | D:4      | 3613 ||| SWAPPING to +0 war axe.
  3641 | D:4      | Noticed Pikel
  3643 | D:4      | 3643 ||| Stepping ~*~*~tactically~*~*~ (stealth).
  3651 | D:4      | 3651 ||| INVOKING Fiery Armour.
  3653 | D:4      | HP: 12/48 [Pikel/+1 whip of flaming (9)]
  3654 | D:4      | Killed Pikel
  3655 | D:4      | Reached XP level 7. HP: 11/53 MP: 8/8
  3655 | D:4      | Reached XP level 8. HP: 13/60 MP: 9/9
  3767 | D:4      | 3767 ||| FLEEEEING.
  3929 | D:4      | 3929 ||| Stepping ~*~*~tactically~*~*~ (hiding).
  3930 | D:4      | 3930 ||| Stepping ~*~*~tactically~*~*~ (hiding).
  4372 | D:4      | 4372 ||| UPGRADING to +0 chain mail.
  4382 | D:4      | 4382 ||| DROPPING +0 ring mail.
  4383 | D:4      | 4383 ||| UPGRADING to +0 pair of boots.
  4388 | D:4      | 4388 ||| DROPPING +6 ring of dexterity.
  4389 | D:4      | 4389 ||| READING scroll labelled ZAWYUNK QAIXYF.
  4390 | D:4      | 4390 ||| DRINKING 2 sapphire potions.
  4397 | D:5      | Entered Level 5 of the Dungeon
  4431 | D:5      | Found a staircase to the Ecumenical Temple.
  4813 | D:5      | Reached skill level 7 in Axes
  4908 | D:5      | Found an ornate altar of the Wu Jian Council.
  4952 | D:5      | 4952 ||| INVOKING Fiery Armour.
  4953 | D:5      | Reached skill level 3 in Armour
  5175 | D:5      | Found a blossoming altar of Fedhas.
  5175 | D:5      | Found a stormy altar of Qazlal.
  5181 | D:5      | Found an opulent altar of Gozag.
  5183 | D:5      | Found a glowing golden altar of the Shining One.
  5185 | D:5      | Found an iron altar of Okawaru.
  5337 | D:5      | 5337 ||| UPGRADING to +0 plate armour.
  5347 | D:5      | 5347 ||| DROPPING +0 chain mail.
  5348 | D:5      | 5348 ||| READING scroll labelled VICEDU VEROTA.
  5349 | D:5      | 5349 ||| READING 2 scrolls of identify.
  5349 | D:5      | 5349 ||| IDENTIFYING yellow potion
  5402 | D:6      | Reached XP level 9. HP: 64/66 MP: 10/10
  5437 | D:6      | Reached skill level 8 in Axes
  5540 | D:6      | Found a large runed translucent door.
  5541 | D:6      | Found a large runed translucent door.
  5546 | D:6      | Noticed a kobold demonologist
  5551 | D:6      | Found the +7 lajatang of Order {silver, rMut}
  5555 | D:6      | Found a large runed translucent door.
  5555 | D:6      | Found a large runed translucent door.
  5616 | D:6      | 5616 ||| Stepping ~*~*~tactically~*~*~ (stealth).
  5617 | D:6      | 5617 ||| Stepping ~*~*~tactically~*~*~ (stealth).
  5754 | D:6      | 5754 ||| Stepping ~*~*~tactically~*~*~ (hiding).
  5756 | D:6      | 5756 ||| Stepping ~*~*~tactically~*~*~ (hiding).
  5804 | D:6      | 5804 ||| Stepping ~*~*~tactically~*~*~ (stealth).
  5813 | D:6      | Reached skill level 9 in Axes
  6091 | D:6      | 6091 ||| Stepping ~*~*~tactically~*~*~ (stealth).
  6098 | D:6      | Reached skill level 6 in Fighting
  6209 | D:6      | 6209 ||| Stepping ~*~*~tactically~*~*~ (stealth).
  6249 | D:6      | 6249 ||| READING scroll labelled GIPATR TIORREIPPU.
  6250 | D:6      | 6250 ||| READING scroll labelled WOHOAT ESUADIY.
  6251 | D:6      | 6251 ||| DRINKING 2 amethyst potions.
  6252 | D:6      | 6252 ||| READING 2 scrolls of identify.
  6252 | D:6      | 6252 ||| IDENTIFYING emerald potion
  6253 | D:6      | 6253 ||| DROPPING potion of attraction.
  6254 | D:6      | 6254 ||| DROPPING potion of degeneration.
  6277 | D:7      | 6277 ||| STAIRDANCE
  6286 | D:6      | Reached skill level 10 in Axes
  6286 | D:6      | Reached XP level 10. HP: 75/76 MP: 11/11
  6338 | D:7      | 6338 ||| STAIRDANCE
  6481 | D:7      | Found a runed translucent door.
  6482 | D:7      | Noticed Crazy Yiuf
  6529 | D:7      | 6529 ||| Stepping ~*~*~tactically~*~*~ (stealth).
  6537 | D:7      | 6537 ||| Stepping ~*~*~tactically~*~*~ (stealth).
  6538 | D:7      | 6538 ||| Stepping ~*~*~tactically~*~*~ (stealth).
  6539 | D:7      | 6539 ||| Stepping ~*~*~tactically~*~*~ (stealth).
  6545 | D:7      | 6545 ||| INVOKING Fiery Armour.
  6551 | D:7      | 6551 ||| FLEEEEING.
  6552 | D:7      | 6552 ||| FLEEEEING.
  6690 | D:7      | Found a radiant altar of Vehumet.
  7061 | D:7      | 7061 ||| UPGRADING to +2 cloak.
  7066 | D:7      | 7066 ||| UPGRADING to +4 ring of protection.
  7068 | D:7      | 7068 ||| DROPPING +6 ring of strength.
  7417 | D:8      | 7417 ||| Stepping ~*~*~tactically~*~*~ (hiding).
  7418 | D:8      | 7418 ||| Stepping ~*~*~tactically~*~*~ (hiding).
  7424 | D:8      | Reached skill level 6 in Armour
  7476 | D:8      | Noticed a gargoyle
  7491 | D:8      | Killed a gargoyle
  7499 | D:8      | Reached skill level 11 in Axes
  7834 | D:8      | Found a basalt altar of Yredelemnul.
  7854 | D:8      | Found a hide-covered altar of Uskayaw.
  7925 | D:8      | Noticed a komodo dragon
  7926 | D:8      | 7926 ||| READING scroll labelled TUM BIECK.
  7927 | D:8      | 7927 ||| READING scroll labelled QOHAORPHODO.
  7928 | D:8      | 7928 ||| READING scroll labelled SYCESAHOIHU.
  7929 | D:8      | 7929 ||| Stepping randomly (stuck).
  7929 | D:8      | Noticed a centaur warrior
  7930 | D:8      | 7930 ||| Stepping ~*~*~tactically~*~*~ (cloud).
  8008 | D:8      | 8008 ||| Stepping ~*~*~tactically~*~*~ (stealth).
  8021 | D:8      | 8021 ||| Stepping randomly (stuck).
  8022 | D:8      | 8022 ||| Stepping randomly (stuck).
  8025 | D:8      | 8025 ||| Stepping randomly (stuck).
  8039 | D:8      | Killed a centaur warrior
  8139 | D:8      | 8139 ||| INVOKING Fiery Armour.
  8143 | D:8      | Killed a komodo dragon
  8144 | D:8      | Reached XP level 11. HP: 24/86 MP: 12/12
  8433 | D:8      | Reached skill level 12 in Axes
  8717 | D:8      | 8717 ||| Stepping ~*~*~tactically~*~*~ (stealth).
  8717 | D:8      | Found a burning altar of Makhleb.
  8718 | D:8      | 8718 ||| Stepping ~*~*~tactically~*~*~ (stealth).
  8719 | D:8      | 8719 ||| Stepping ~*~*~tactically~*~*~ (stealth).
  8721 | D:8      | 8721 ||| Stepping ~*~*~tactically~*~*~ (stealth).
  8968 | D:8      | Found a sacrificial altar of Ru.
  9238 | D:9      | 9238 ||| Stepping ~*~*~tactically~*~*~ (hiding).
  9243 | D:9      | 9243 ||| Stepping ~*~*~tactically~*~*~ (hiding).
  9304 | D:9      | 9304 ||| SWAPPING to +0 battleaxe.
  9305 | D:9      | 9305 ||| DROPPING +1 war axe of protection.
  9322 | D:9      | 9322 ||| Stepping ~*~*~tactically~*~*~ (hiding).
  9325 | D:9      | Noticed Harold
  9344 | D:9      | 9344 ||| INVOKING Fiery Armour.
  9345 | D:9      | Killed Harold
  9546 | D:9      | 9546 ||| DROPPING -1 hand axe of flaming.
  9562 | D:9      | 9562 ||| Stepping ~*~*~tactically~*~*~ (hiding).
  9631 | D:9      | Reached skill level 13 in Axes
  9651 | D:9      | Identified the +7 spear of the Eternal Warrior {drain,
                  | Str+2}
  9885 | D:9      | 9885 ||| Stepping ~*~*~tactically~*~*~ (stealth).
  9904 | D:9      | 9904 ||| FLEEEEING.
  9905 | D:9      | 9905 ||| FLEEEEING.
  9906 | D:9      | 9906 ||| FLEEEEING.
  9907 | D:9      | 9907 ||| FLEEEEING.
  9908 | D:9      | 9908 ||| FLEEEEING.
  9909 | D:9      | 9909 ||| FLEEEEING.
  9910 | D:9      | 9910 ||| FLEEEEING.
  9911 | D:9      | 9911 ||| STAIRDANCE
 10120 | D:8      | 10120 ||| DROPPING ring of positive energy.
 10121 | D:8      | 10121 ||| DROPPING ring of protection from cold.
 10122 | D:8      | 10122 ||| DRINKING 2 glowing brown potions.
 10223 | D:8      | 10223 ||| READING 4 scrolls of identify.
 10223 | D:8      | 10223 ||| IDENTIFYING smoky blue potion
 10224 | D:8      | 10224 ||| READING 3 scrolls of identify.
 10224 | D:8      | 10224 ||| IDENTIFYING inky potion
 10225 | D:8      | 10225 ||| READING 2 scrolls of identify.
 10225 | D:8      | 10225 ||| IDENTIFYING grey potion
 10226 | D:8      | 10226 ||| DROPPING potion of lignification.
 10227 | D:8      | 10227 ||| DROPPING potion of ambrosia.
 10228 | D:8      | 10228 ||| DROPPING potion of flight.
 10229 | D:8      | 10229 ||| DROPPING potion of invisibility.
 10395 | D:9      | Found a staircase to the Lair.
 10410 | D:9      | Reached skill level 9 in Fighting
 10619 | D:9      | 10619 ||| DRINKING potion of cancellation.
 10695 | D:9      | You fall into a shaft and drop 2 floors!
 10700 | D:11     | 10700 ||| PLANNING GAUNTLET
 10732 | D:11     | 10732 ||| Stepping ~*~*~tactically~*~*~ (hiding).
 10738 | D:11     | Noticed a boulder beetle
 10739 | D:11     | 10739 ||| INVOKING Fiery Armour.
 10747 | D:11     | HP: 21/89 [boulder beetle (7)]
 10748 | D:11     | 10748 ||| DRINKING potion of heal wounds.
 10750 | D:11     | HP: 10/89 [boulder beetle (13)]
 10752 | D:11     | Killed a boulder beetle
 11134 | D:11     | Found a portal to a secret trove of treasure.
 11206 | D:11     | 11206 ||| RIP GAUNTLET
 11263 | D:11     | 11263 ||| PLANNING LAIR
 11263 | D:11     | 11263 ||| DROPPING ring of ice.
 11264 | D:11     | 11264 ||| READING scroll labelled EPIVIEGATO.
 11319 | D:10     | Entered Level 10 of the Dungeon
 11319 | D:10     | Noticed Joseph
 11319 | D:10     | Noticed Nergalle
 11319 | D:10     | Found Zerosior's Armour Boutique.
 11328 | D:10     | Killed Joseph
 11334 | D:10     | 11334 ||| INVOKING Fiery Armour.
 11337 | D:10     | Killed Nergalle
 11338 | D:10     | Reached XP level 12. HP: 73/95 MP: 13/13
 11464 | D:10     | Noticed a two-headed ogre
 11465 | D:10     | 11465 ||| Stepping ~*~*~tactically~*~*~ (hiding).
 11484 | D:10     | Killed a two-headed ogre
 11537 | D:10     | Reached skill level 14 in Axes
 11614 | D:10     | Noticed Maurice
 11615 | D:10     | 11615 ||| Stepping ~*~*~tactically~*~*~ (hiding).
 11642 | D:10     | Killed Maurice
 11772 | D:10     | Identified the +6 spear of Anguish {vorpal, Dex+3}
 11776 | D:10     | 11776 ||| UPGRADING to +0 pair of gloves.
 11781 | D:10     | 11781 ||| DROPPING ring of willpower.
 11782 | D:10     | 11782 ||| DRINKING 2 blue potions.
 11783 | D:10     | 11783 ||| DROPPING potion of berserk rage.
 11853 | Lair:1   | Entered Level 1 of the Lair of Beasts
 11855 | Lair:1   | 11855 ||| Stepping ~*~*~tactically~*~*~ (stealth).
 11864 | Lair:1   | Reached skill level 9 in Armour
 12412 | Lair:1   | 12412 ||| INVOKING Fiery Armour.
 12533 | Lair:1   | 12533 ||| Stepping ~*~*~tactically~*~*~ (stealth).
 12770 | Lair:1   | 12770 ||| INVOKING Fiery Armour.
 12793 | Lair:1   | Reached skill level 15 in Axes
 12945 | Lair:1   | 12945 ||| PLANNING CONVERSION TO OKAWARU
 13225 | D:5      | 13225 ||| PLANNING D:1-11
 13225 | D:5      | 13225 ||| READING scroll labelled ULYDA SON OWIMU.
 13268 | D:4      | 13268 ||| Stepping randomly (stuck).
 13269 | D:4      | 13269 ||| PLANNING LAIR
 13480 | Lair:1   | HP: 23/97 [poisoned by a black mamba]
 13485 | Lair:1   | HP: 15/97 [poisoned by a black mamba]
 13865 | Lair:1   | 13865 ||| Stepping ~*~*~tactically~*~*~ (hiding).
 13866 | Lair:1   | 13866 ||| Stepping ~*~*~tactically~*~*~ (hiding).
 13871 | Lair:1   | 13871 ||| DRINKING potion of cancellation.
 14286 | Lair:2   | 14286 ||| Stepping ~*~*~tactically~*~*~ (stealth).
 14287 | Lair:2   | 14287 ||| Stepping ~*~*~tactically~*~*~ (stealth).
 14304 | Lair:2   | Reached skill level 3 in Throwing
 14306 | Lair:2   | Reached XP level 13. HP: 99/103 MP: 14/14
 14866 | Lair:2   | 14866 ||| READING scroll of enchant armour.
 14866 | Lair:2   | 14866 ||| ENCHANTING +0 pair of gloves.
 15248 | Lair:2   | 15248 ||| READING 2 scrolls of identify.
 15248 | Lair:2   | 15248 ||| IDENTIFYING fuming silvery potion
 15342 | Lair:3   | Found the +8 orange crystal plate armour {Archmagi, Int+3
                  | Clar}
 15349 | Lair:3   | Found a hole to the Spider Nest.
 15355 | Lair:3   | 15355 ||| Stepping ~*~*~tactically~*~*~ (hiding).
 15364 | Lair:3   | Noticed a five-headed hydra
 15365 | Lair:3   | Noticed qw's ghost (journeyman TrCA)
 16020 | Lair:3   | Noticed a seven-headed hydra
 16021 | Lair:3   | 16021 ||| Stepping ~*~*~tactically~*~*~ (stealth).
 16022 | Lair:3   | Noticed a seven-headed hydra
 16023 | Lair:3   | 16023 ||| Stepping ~*~*~tactically~*~*~ (stealth).
 16024 | Lair:3   | 16024 ||| SWAPPING to +1 hand axe of flaming.
 16032 | Lair:3   | Killed a one-headed hydra
 16033 | Lair:3   | 16033 ||| SWAPPING to +0 battleaxe.
 16035 | Lair:3   | 16035 ||| SWAPPING to +1 hand axe of flaming.
 16045 | Lair:3   | Killed a one-headed hydra
 16046 | Lair:3   | 16046 ||| SWAPPING to +0 battleaxe.
 16274 | Lair:3   | Found a staircase to the Swamp.
 16370 | Lair:3   | Noticed an eight-headed hydra
 16373 | Lair:3   | 16373 ||| SWAPPING to +1 hand axe of flaming.
 16383 | Lair:3   | Killed a one-headed hydra
 16384 | Lair:3   | 16384 ||| SWAPPING to +0 battleaxe.
 16453 | Lair:3   | 16453 ||| Stepping ~*~*~tactically~*~*~ (stealth).
 16566 | Lair:3   | Found a transporter.
 16567 | Lair:3   | Found a transporter.
 16712 | Lair:3   | 16712 ||| FLEEEEING.
 16809 | Lair:3   | 16809 ||| FLEEEEING.
 16810 | Lair:3   | 16810 ||| FLEEEEING.
 16811 | Lair:3   | 16811 ||| FLEEEEING.
 16812 | Lair:3   | 16812 ||| FLEEEEING.
 16813 | Lair:3   | 16813 ||| FLEEEEING.
 16814 | Lair:3   | 16814 ||| FLEEEEING.
 16815 | Lair:3   | 16815 ||| FLEEEEING.
 16816 | Lair:3   | 16816 ||| FLEEEEING.
 16817 | Lair:3   | 16817 ||| FLEEEEING.
 16818 | Lair:3   | 16818 ||| FLEEEEING.
 17038 | Lair:3   | 17038 ||| Stepping ~*~*~tactically~*~*~ (stealth).
 17038 | Lair:3   | Noticed Sonja
 17039 | Lair:3   | 17039 ||| Stepping ~*~*~tactically~*~*~ (stealth).
 17041 | Lair:3   | 17041 ||| Stepping ~*~*~tactically~*~*~ (stealth).
 17062 | Lair:3   | HP: 23/106 [asphyx]
 17063 | Lair:3   | HP: 9/106 [komodo dragon (9)]
 17065 | Lair:3   | HP: 2/106 [poisoned by Sonja (curare-tipped dart)]
 17065 | Lair:3   | Asphyxiated

Levels and vault maps discovered:
D:1:      dpeg_arrival_boxes_within_box, layout_loops_ring,
          ebering_ecumenical_altar_box, serial_park_tiny_1,
          dreamdust_princess_corridor
D:2:      layout_basic, cheibrodos_gnoll_hut
D:3:      layout_loops_ring, nicolae_dithmenos_through_a_glass_darkly,
          uniq_natasha
D:4:      layout_layer_cave, uniq_pikel
D:5:      layout_cave_pools, amcnicky_altar_gilded,
          chequers_temple_overflow_minitemple, minmay_temple_entry_butterflies,
          minmay_liquid_box
D:6:      layout_basic, minmay_hollow_rounded_squares
D:7:      layout_rooms, nicolae_vehumet_radiance, uniq_crazy_yiuf_cottage
D:8:      layout_loops_corners, mainiacjoe_overflow_catwalk,
          lemuel_crystal_altar, mainiacjoe_overflow_paths,
          mainiacjoe_overflow_alcove_4, nicolae_sextant, kb_rosetta
D:9:      layout_basic, lemuel_tele_altar, erik_lair_dragon,
          minmay_misc_feat_chi, uniq_harold
D:10:     layout_rooms, lemuel_round_altar, orc_0_dummy, serial_shops,
          nicolae_shop_statue_plus, uniq_joseph, uniq_nergalle, uniq_maurice
D:11:     layout_loops_ring, enter_trove_2, gauntlet_entry_generic, uniq_urug
Lair:1:   layout_cave_pods, minivault_25
Lair:2:   layout_regular_city
Lair:3:   layout_gridlike, palyth_hydra_swamp_entry,
          hellmonk_spider_entry_life_and_decay, nzn_ghost_randoct, minivault_24,
          uniq_sonja

Skill      XL: |  1  2  3  4  5  6  7  8  9 10 11 12 13 |
---------------+----------------------------------------+-----
Axes           | 4 5 6 7 10 11 13 15 | 15.9
Dodging        | 1 2 |  2.3
Armour         | 1 3 4 6 8 9 10 | 10.0
Throwing       | 1 3 5 |  5.0
Shields        | 7 8 |  8.0
Fighting       | 4 6 8 9 10 11 | 11.1
Spellcasting   | |  1.1
Fire Magic     | |  3.0

Action                   |  1- 3 |  4- 6 |  7- 9 | 10-12 | 13-15 || total
-------------------------+-------+-------+-------+-------+-------++-------
Melee: Hand axe          |    50 |   135 |       |       |    26 ||   211
       Punch             |       |     2 |       |       |       ||     2
       War axe           |       |     9 |   204 |   252 |       ||   465
       Battleaxe         |       |       |       |   349 |   191 ||   540
Throw: Boomerang         |    27 |    11 |    33 |    21 |       ||    92
       Javelin           |       |       |       |       |    34 ||    34
Invok: Fiery Armour      |     2 |     3 |     1 |     7 |       ||    13
  Use: Scroll            |     4 |     4 |     6 |     8 |     2 ||    24
       Potion            |     2 |       |     2 |     5 |       ||     9
 Stab: Confused          |       |       |       |     1 |       ||     1
Armor: Robe              |    11 |       |       |       |       ||    11
       Ring mail         |     3 |    34 |     4 |       |       ||    41
       Chain mail        |       |       |    29 |       |       ||    29
       Plate armour      |       |       |    53 |   396 |   135 ||   584
Dodge: Dodged            |    31 |    75 |   135 |   359 |    93 ||   693
Block: Buckler           |       |     2 |    46 |   159 |    41 ||   248

Table legend:
 A = Non-vault XP
 B = Vault XP
 C = Vault XP percentage of total XP
 D = Non-vault monster count
 E = Vault monster count
 F = Vault count percentage of total count
                 A         B        C        D         E       F
            +---------+---------+-------+---------+---------+-------
      Total |   29324 |    9974 |  25.4 |     291 |      36 |  11.0
            +---------+---------+-------+---------+---------+-------
        D:1 |      53 |       0 |   0.0 |      23 |       0 |   0.0
        D:2 |     177 |      18 |   9.2 |      27 |       3 |  10.0
        D:3 |     140 |      36 |  20.5 |      24 |       1 |   4.0
        D:4 |     169 |     663 |  79.7 |       8 |       1 |  11.1
        D:5 |     556 |       0 |   0.0 |      11 |       0 |   0.0
        D:6 |    1166 |     961 |  45.2 |      17 |      11 |  39.3
        D:7 |    1161 |       0 |   0.0 |      18 |       0 |   0.0
        D:8 |    2847 |    1694 |  37.3 |      33 |       4 |  10.8
        D:9 |    1719 |    1992 |  53.7 |      25 |       6 |  19.4
       D:10 |    2122 |    1741 |  45.1 |      10 |       3 |  23.1
       D:11 |    1127 |       0 |   0.0 |       6 |       0 |   0.0
     Lair:1 |    7357 |       0 |   0.0 |      41 |       0 |   0.0
     Lair:2 |    4684 |       0 |   0.0 |      27 |       0 |   0.0
     Lair:3 |    6046 |    2869 |  32.2 |      21 |       7 |  25.0
            +---------+---------+-------+---------+---------+-------
